 Dungeon Crawl Stone Soup version 0.27-a0-909-g0721f309d1 (webtiles) character file.

Game seed: 1302300758852641536

498856 mhtbhm the Slayer (level 25, -1/177 HPs)
             Began as a Gargoyle Berserker on Apr 8, 2021.
             Was the Champion of Trog.
             Slain by a reaper
             ... wielding a +0 scythe of venom
              (16 damage)
             ... in the Vestibule of Hell.
             The game lasted 01:21:37 (44585 turns).

mhtbhm the Slayer (Gargoyle Berserker)             Turns: 44585, Time: 01:21:38

Health: -1/177     AC: 42    Str: 51    XL:     25   Next: 18%
Magic:  1/23       EV: 13    Int:  8    God:    Trog [******]
Gold:   5554       SH: 28    Dex: 10    Spells: 24/24 levels left

rFire    + . .     SeeInvis +   S - +9 morningstar of Foul Odors {elec, Str+8}
rCold    + + .     Faith    .   c - +0 tower shield
rNeg     + + +     Spirit   .   b - +6 chain mail "Sefuefucw" {rF+ rN+ Slay+2}
rPois    ∞         Reflect  .   s - +0 hat "Ela Dob" {+Blink rN++ Regen+ Str+2}
rElec    +         Harm     .   v - +2 ratskin cloak {*Rats rPois rN+ Str-1 Int-1 Dex+1}
rCorr    .         Rampage  .   h - +2 pair of gloves
Will     +....                  H - +2 pair of boots
Stlth    +.........             V - amulet of regeneration
HPRegen  2.39/turn              x - ring "Rosm" {rN+ Str+6 Stlth+}
MPRegen  0.18/turn              Y - ring "Laidghyul" {rPois rC++ Str+6 Int-4 SInv}

@: corroded, unable to read, on berserk cooldown, flying, contaminated, slowed,
glowing, very slow
A: AC +19, big wings, negative energy resistance 1, electricity resistance,
torment resistance 1, unbreathing 1, petrification resistance, clever 1,
inability to read while threatened
}: 2/15 runes: serpentine, silver
a: Renounce Religion, Evoke Blink, Berserk, Trog's Hand, Brothers in Arms


You were in the Vestibule of Hell.
You worshipped Trog.
Trog was exalted by your worship.
You visited 8 branches of the dungeon, and saw 37 of its levels.
You visited the Abyss 1 time.
You also visited: Trove, Gauntlet and Volcano.

You collected 7608 gold pieces.
You spent 2054 gold pieces at shops.

Inventory:

Hand Weapons
 a - a +6 demon whip of electrocution
 t - a +7 dire flail
 y - a +6 morningstar of holy wrath
 S - the +9 morningstar of Foul Odors (weapon) {elec, Str+8}
   (You bought it in a shop on level 15 of the Dungeon)

   Occasionally, upon striking a foe, it can discharge electrical energy and
   cause terrible harm.
   It affects your strength (+8).
Missiles
 g - 8 throwing nets
 L - 25 silver javelins
Armour
 b - the +6 chain mail "Sefuefucw" (worn) {rF+ rN+ Slay+2}
   (You found it on level 5 of the Vaults)

   It affects your accuracy and damage with ranged weapons and melee attacks
   (+2).
   It protects you from fire.
   It protects you from negative energy.
 c - a +0 tower shield (worn)
 h - a +2 pair of gloves (worn)
 s - the +0 hat "Ela Dob" (worn) {+Blink rN++ Regen+ Str+2}
   (You acquired it on level 11 of the Dungeon)

   It affects your strength (+2).
   It greatly protects you from negative energy.
   It lets you blink.
   It increases your rate of health regeneration.
 v - the +2 ratskin cloak (worn) {*Rats rPois rN+ Str-1 Int-1 Dex+1}
   (You found it on level 6 of the Dungeon)

   It affects your strength (-1).
   It affects your intelligence (-1).
   It affects your dexterity (+1).
   It protects you from poison.
   It protects you from negative energy.
 H - a +2 pair of boots (worn)
Jewellery
 p - an amulet of reflection
 w - a ring of resist corrosion
 x - the ring "Rosm" (left hand) {rN+ Str+6 Stlth+}
   (You found it on level 3 of the Crypt)

   [ring of positive energy]

   It affects your strength (+6).
   It protects you from negative energy.
   It makes you more stealthy.
 A - a ring of willpower
 U - an amulet of the acrobat
 V - an amulet of regeneration (around neck)
 Y - the ring "Laidghyul" (right hand) {rPois rC++ Str+6 Int-4 SInv}
   (You found it in a treasure trove)

   [ring of strength]

   It affects your strength (+6).
   It affects your intelligence (-4).
   It greatly protects you from cold.
   It protects you from poison.
   It lets you see invisible.
Wands
 m - a wand of polymorph (9)
 J - a wand of paralysis (48)
 K - a wand of acid (12)
 N - a wand of digging (8)
 P - a wand of mindburst (60)
 W - a wand of iceblast (48)
Scrolls
 e - 5 scrolls of blinking
 j - 11 scrolls of magic mapping
 k - 4 scrolls of summoning
 q - a scroll of silence
 z - 11 scrolls of enchant armour
 B - a scroll of holy word
 D - 12 scrolls of fog
 I - 6 scrolls of fear
 M - a scroll of enchant weapon
 O - 11 scrolls of immolation
 Q - 9 scrolls of teleportation
 T - 15 scrolls of identify
Potions
 d - 6 potions of might
 i - 2 potions of magic
 l - 10 potions of haste
 o - 3 potions of heal wounds
 u - 15 potions of curing
 C - 3 potions of resistance
 F - 3 potions of berserk rage
 G - 2 potions of invisibility
 R - 2 potions of cancellation
 X - 3 potions of mutation
Miscellaneous
 f - a condenser vane
 n - a phantom mirror
 r - a box of beasts
 E - a tin of tremorstones (2/2)


   Skills:
 + Level 23.6 Fighting
 + Level 21.6 Maces & Flails
 + Level 17.5 Armour
 + Level 13.0 Dodging
 + Level 7.2 Stealth
 + Level 20.0 Shields
 + Level 0.8 Unarmed Combat
 + Level 2.7 Evocations


You had 24 spell levels left.
You didn't know any spells.
Your spell library was empty.

Dungeon Overview and Level Annotations

Branches:
Dungeon (15/15)            Temple (0/1) D:6            Lair (6/6) D:10
 Shoals (0/4) Lair:4        Snake (4/4) Lair:4        Slime (0/5) Lair:6
    Orc (2/2) D:12            Elf (0/3) Orc:2        Vaults (5/5) D:13
  Crypt (3/3) Vaults:3       Tomb (0/3) Crypt:3      Depths (1/5) D:15
   Hell (1/1)             Volcano (visited)         Gauntlet (visited)
    Dis: Hell:1         Geh: Hell:1         Coc: Hell:1         Tar: Hell:1

Altars:
Ashenzari
Kikubaaqudgha
Trog
Vehumet
Yredelemnul
The Shining One
Beogh
Jiyva

Shops:
D:1 *   D:8 :(   D:9 !   D:15 (   Orc:1 !   Orc:2 [*([*   Snake:1 =[:
Snake:4 ?   Vaults:1 **:   Vaults:2 (   Vaults:4 :   Depths:1 *

Portals:
Hell: Depths:1

Annotations:
Hell Geryon


Innate Abilities, Weirdness & Mutations

Your stone body is resilient. (AC +19)
You are immune to poison.
Your large and strong wings let you fly.
You resist negative energy. (rN+)
You are resistant to electric shocks. (rElec)
You are resistant to unholy torment.
You can survive without breathing.
You are immune to petrification.
Your mind is acute. (Int +2)
You sometimes lose the ability to read scrolls when taking damage.


Message History

Your river rat bites the reaper.
The green death completely misses you.
The ice dragon bites you but does no damage.
The ice dragon barely misses you.
The ice dragon tramples you but does no damage.
The reaper smiles without lips.
The reaper hits you from afar with a +4 vorpal scythe!!
* * * LOW HITPOINT WARNING * * *
A river rat scurries out from under your cloak.
* * * LOW HITPOINT WARNING * * *
Unknown command.
Okay, then.
Press: ? - help, v - describe, . - travel The floor.
You feel much better. You block the hell beast's attack. x3
The hell beast barely misses you. You block the hell beast's attack.
The hell beast misses you.
Your river rat closely misses the hell beast.
The dire elephant zombie tramples your river rat!!
Your river rat dies!
The red devil hits you but does no damage.
You block the reaper's attack.
The lorocyproca hits you but does no damage.
The green death hits you!
* * * LOW HITPOINT WARNING * * *
The molten gargoyle hits you but does no damage.
You block the hell beast's attack. The hell beast barely misses you.
The ice dragon bites you.
* * * LOW HITPOINT WARNING * * *
You block the ice dragon's attack.
The ice dragon tramples you but does no damage.
Your river rat bites Geryon but does no damage.
The hell beast bites you but does no damage.
The hell beast tramples you but does no damage.
The reaper misses you. The hell beast completely misses you.
The hell beast misses you.
Your river rat closely misses the hell beast.
The blizzard demon waves its arms in wide circles.
The air twists around and strikes you.
The reaper hits you from afar with a +0 scythe of venom!
You die...

##...........##
##.............#
#...............
.......Z........
.2.............∩
........∩.......
#......3Z4......
##..C.D222.....#
##...2@29^...##
##.rZ29....##
##.22r...##
##.&X..##
##...## #...#
..... ......


You could see Geryon (ally target), a tentacled monstrosity, a frost giant, an
ice dragon, 4 hell beasts, a lorocyproca (invisible), 2 reapers, a green death
(ally target), a blizzard demon, a soul eater, 2 molten gargoyles, a red devil,
a dire elephant zombie, a snapping turtle skeleton, an ettin skeleton and 2
friendly river rats.

Vanquished Creatures
  3 dread liches (Vaults:5)
  An ancient lich (Crypt:3)
  Khufu (Crypt:2)
  A royal mummy (Crypt:2)
  Sojobo (Crypt:2)
  Boris (twice) (Crypt:2 Vaults:4)
  Vashnia (Snake:3)
  Margery (Vaults:4)
  Xtahua (Vaults:5)
  Jory (Crypt:2)
  A bone dragon (Crypt:3)
  2 profane servitors
  2 liches
  A tentacled monstrosity (Vaults:5)
  An Ice Fiend (Vaults:2)
  Jorgrun (Orc:1)
  A titan (Vaults:5)
  A quicksilver dragon (Vaults:5)
  2 acid blobs (Lair:6)
  6 sphinxes
  3 ancient champions
  Kirke (Snake:2)
  4 shadow dragons (Vaults:5)
  3 storm dragons
  A revenant (Crypt:3)
  Agnes (Snake:3)
  8 tengu reavers
  Roxanne (Snake:2)
  Donald (Snake:2)
  3 fire giants
  11 nagarajas
  3 deep elf sorcerers
  3 frost giants
  4 iron dragons (Vaults:5)
  22 vault wardens
  Aizul (Snake:1)
  28 ironbound preservers
  15 very ugly things
  7 ghouls
  An ophan (Abyss:4)
  7 stone giants
  5 vampire knights
  6 war gargoyles
  Nessos (D:15)
  8 dire elephants
  Azrael (D:15)
  3 deep elf annihilators
  A minotaur (Gauntlet)
  5 eidola
  A crystal guardian (Vaults:3)
  11 ettins
  4 fire dragons
  4 deep elf death magi
  2 salamander tyrants
  21 yaktaur captains
  17 jiangshi
  41 vault guards
  9 naga warriors
  14 ironbound thunderhulks
  A great orb of eyes (shapeshifter) (Vaults:5)
  A peacekeeper (Vaults:3)
  13 hydras
  4 great orbs of eyes
  2 boulder beetles
  A rakshasa (D:14)
  8 ironbound frosthearts
  A spectral shadow dragon (Crypt:3)
  19 centaur warriors
  An anaconda (shapeshifter) (Vaults:5)
  Erica (D:8)
  Harold (D:11)
  2 catoblepae
  15 anacondas
  A satyr (shapeshifter) (Vaults:5)
  5 ogre magi
  6 death knights
  7 two-headed ogres
  4 deep troll shamans
  14 death yaks
  9 vampire magi
  8 orc high priests
  3 deep troll earth magi (Vaults:5)
  A tengu warrior (Depths:1)
  9 naga sharpshooters
  6 ironbound beastmasters
  9 shock serpents
  A sun demon (Hell)
  An iron troll (Depths:1)
  4 hell knights
  2 shadow wraiths (Crypt:3)
  2 bunyip zombies
  A salamander mystic (Snake:4)
  22 skeletal warriors
  A spark wasp zombie (Crypt:1)
  A quicksilver dragon simulacrum (Crypt:1)
  5 flayed ghosts
  A spatial maelstrom (Abyss:4)
  A glowing orange brain (Vaults:4)
  22 phantasmal warriors
  65 deep trolls
  A bog body (Crypt:2)
  6 sea snakes (Snake:4)
  An anaconda skeleton (Crypt:3)
  An obsidian statue (Vaults:2)
  3 naga ritualists
  8 wizards
  5 lindwurms
  5 harpies (Vaults:1)
  4 deep elf pyromancers
  25 ironbound convokers
  A swamp dragon (shapeshifter) (D:14)
  A tengu zombie (Vaults:2)
  A mana viper (shapeshifter) (Vaults:5)
  8 necromancers
  7 mana vipers
  An orc sorcerer (D:11)
  6 cyclopes
  A sphinx skeleton (Crypt:2)
  A fire giant zombie (Crypt:1)
  45 ugly things
  3 human zombies
  7 salamanders
  A faun (shapeshifter) (Vaults:5)
  A cyclops (shapeshifter) (Depths:1)
  4 manticores
  A rust devil (Hell)
  2 stone giant skeletons (Crypt:1)
  2 spectral centaurs (D:9)
  Maurice (Orc:2)
  17 vault sentinels
  2 merfolk sirens (Lair:4)
  33 black mambas
  A titan simulacrum (Crypt:3)
  16 naga magi
  A torpor snail (Lair:5)
  7 guardian serpents (Snake:4)
  12 elephants
  8 freezing wraiths
  12 cane toads
  An elf skeleton (Vaults:3)
  3 rime drakes
  Psyche (D:8)
  A red draconian zombie (Crypt:2)
  A yaktaur zombie (Vaults:2)
  2 unseen horrors
  46 yaktaurs
  2 tengu conjurers (Vaults:3)
  8 komodo dragons
  A jumping spider (shapeshifter) (Vaults:5)
  2 merfolk (Lair:4)
  10 trolls
  2 hornets
  A hydra zombie (Crypt:1)
  5 polar bears
  27 slime creatures
  A wolf spider simulacrum (D:15)
  A fire dragon zombie (Crypt:2)
  A slime creature (shapeshifter) (Vaults:5)
  Grinder (D:5)
  5 dream sheep (Lair:5)
  12 blink frogs
  A stone giant simulacrum (Crypt:3)
  2 vampires (Depths:1)
  43 yaks
  8 shadows
  11 wraiths
  A fire dragon skeleton (Crypt:1)
  51 flying skulls
  3 wyverns
  9 basilisks
  3 fire elementals (D:15)
  13 humans (D:13)
  3 fire bats (Orc:2)
  2 vampire mosquitoes (D:12)
  2 large abominations (Crypt:3)
  12 wargs
  2 swamp worms (Gauntlet)
  2 deep troll zombies
  A spatial vortex (Abyss:4)
  30 nagas
  A deep troll skeleton (Crypt:1)
  4 hell hounds (D:15)
  17 water moccasins
  2 human skeletons (Vaults:2)
  A sky beast (D:8)
  3 ice beasts
  23 orc warriors
  5 necrophages
  5 black bears
  5 ogres
  20 wolves
  10 centaurs
  3 phantoms
  A lindwurm skeleton (Crypt:2)
  A kobold brigand (D:10)
  7 bullfrogs
  3 small abominations
  A gnoll sergeant (D:11)
  A water moccasin zombie (D:6)
  A wyvern skeleton (Crypt:1)
  A water moccasin skeleton (D:7)
  10 wights
  4 howler monkeys
  An electric eel (Snake:4)
  5 centaur zombies
  A bullfrog zombie (D:5)
  2 jellies
  3 hounds
  A gnoll shaman (D:10)
  33 orc priests
  A bullfrog skeleton (D:5)
  2 iguanas
  17 orc wizards
  3 hell rats (D:6)
  2 killer bee zombies (D:6)
  An acid dragon zombie (Crypt:2)
  A dwarf zombie (Crypt:2)
  A howler monkey zombie (D:9)
  2 mummies (Crypt:2)
  5 adders
  3 gnolls (D:10)
  4 river rats (D:6)
  A shadow imp (D:7)
  A white imp (D:5)
  An ufetubus (D:6)
  A halfling zombie (Crypt:2)
  A lava snake zombie (Crypt:2)
  3 dart slugs
  81 orcs
  A bat zombie (Crypt:1)
  3 endoplasms
  2 giant cockroaches
  7 hobgoblins
  9 jackals
  9 kobolds
  2 ball pythons
  2 bats
  A dart slug zombie (Crypt:1)
  2 frilled lizards (D:2)
  6 goblins
  A jackal zombie (Crypt:1)
  22 rats
  A river rat skeleton (Crypt:1)
  A plant (Lair:5)
1564 creatures vanquished.

Vanquished Creatures (collateral kills)
  Saint Roka (Snake:2)
  A titan (Vaults:5)
  A nagaraja (Snake:2)
  An ettin (Vaults:2)
  A naga warrior (Snake:4)
  2 vault guards (Vaults:4)
  A centaur warrior (D:13)
  A two-headed ogre (D:9)
  3 anacondas (Snake:4)
  Urug (D:13)
  The ghost of FritzCouch the Basher, a novice MiBe of Trog (D:9)
  A skeletal warrior (D:13)
  A naga ritualist (Snake:4)
  A lindwurm (Lair:6)
  A wizard (Vaults:2)
  A cyclops (D:13)
  A slime creature (Vaults:1)
  A centaur zombie (D:9)
  A guardian serpent (Snake:4)
  3 naga magi (Snake:2)
  A troll (Snake:2)
  3 humans (D:13)
  A warg (Snake:2)
  4 nagas
  An orc warrior (Snake:2)
  7 orcs
42 creatures vanquished.

Vanquished Creatures (others)
  A fire giant (Vaults:5)
  An ogre mage (D:15)
  3 humans (Snake:2)
  A naga (Snake:4)
  14 fungi
  47 plants
67 creatures vanquished.

Grand Total: 1673 creatures vanquished

Notes
Turn   | Place    | Note
-------+----------+-------------------------------------------
     0 | D:1      | mhtbhm the Gargoyle Berserker began the quest for the Orb.
     0 | D:1      | Reached XP level 1. HP: 14/14 MP: 1/1
   163 | D:1      | Reached XP level 2. HP: 18/19 MP: 2/2
   472 | D:1      | Found a faded altar of an unknown god.
   551 | D:1      | Found Deskuepife's General Store.
   914 | D:2      | Reached XP level 3. HP: 24/24 MP: 3/3
  1257 | D:2      | Noticed a black bear
  1274 | D:2      | Killed a black bear
  1275 | D:2      | Reached skill level 4 in Fighting
  1275 | D:2      | Reached XP level 4. HP: 10/29 MP: 4/4
  1275 | D:2      | Reached XP level 5. HP: 12/33 MP: 5/5
  2031 | D:2      | Reached ** piety under Trog
  2496 | D:3      | Reached skill level 1 in Stealth
  3120 | D:3      | Gained mutation: You do not regenerate when monsters are
                  | visible. [potion of mutation]
  3120 | D:3      | Gained mutation: You have a pair of small horns on your
                  | head. [potion of mutation]
  3121 | D:3      | Lost mutation: You have a pair of small horns on your head.
                  | [potion of mutation]
  3121 | D:3      | Lost mutation: You do not regenerate when monsters are
                  | visible. [potion of mutation]
  3121 | D:3      | Gained mutation: Armour fits poorly on your strangely
                  | shaped body. [potion of mutation]
  3121 | D:3      | Lost mutation: Armour fits poorly on your strangely shaped
                  | body. [potion of mutation]
  3121 | D:3      | Gained mutation: Your mind is acute. (Int +2) [potion of
                  | mutation]
  4194 | D:5      | Entered Level 5 of the Dungeon
  4418 | D:5      | Noticed an ice beast
  4428 | D:5      | Killed an ice beast
  4429 | D:5      | Reached skill level 5 in Maces & Flails
  4429 | D:5      | Reached XP level 6. HP: 32/39 MP: 6/6
  4669 | D:5      | Noticed Grinder
  4693 | D:5      | Paralysed by Grinder for 4 turns
  4704 | D:5      | Paralysed by Grinder for 5 turns
  4715 | D:5      | Killed Grinder
  4716 | D:5      | Reached XP level 7. HP: 9/44 MP: 7/7
  5384 | D:5      | Reached *** piety under Trog
  5701 | D:5      | Reached skill level 5 in Fighting
  5701 | D:5      | Reached XP level 8. HP: 40/49 MP: 8/8
  6153 | D:6      | Reached skill level 5 in Armour
  6414 | D:6      | Found a staircase to the Ecumenical Temple.
  6692 | D:6      | Reached skill level 6 in Fighting
  6692 | D:6      | Reached XP level 9. HP: 34/55 MP: 6/9
  6698 | D:6      | Reached **** piety under Trog
  6713 | D:6      | Found the +2 ratskin cloak {*Rats rPois rN+ Str-1 Int-1
                  | Dex+1}
  7844 | D:8      | Found Lucs's Book Shoppe.
  7849 | D:8      | Reached skill level 7 in Fighting
  8011 | D:8      | Noticed Erica
  8019 | D:8      | Killed Erica
  8189 | D:8      | Reached XP level 10. HP: 64/64 MP: 10/10
  8299 | D:8      | Found Famidug's Weapon Shoppe.
  8301 | D:8      | Bought a +1 morningstar of holy wrath for 184 gold pieces
  8370 | D:8      | Reached skill level 10 in Maces & Flails
  8409 | D:8      | Found a broken altar of Ashenzari.
  8502 | D:8      | Reached ***** piety under Trog
  8850 | D:8      | Noticed Psyche
  8851 | D:8      | Paralysed by Psyche for 7 turns
  8866 | D:8      | Killed Psyche
  9056 | D:9      | Reached skill level 8 in Fighting
  9279 | D:9      | Found a transporter.
  9279 | D:9      | Noticed a spectral centaur warrior
  9279 | D:9      | Noticed FritzCouch's ghost (novice MiBe)
  9285 | D:9      | Noticed a spectral centaur warrior
  9312 | D:9      | Found the +3 giant club "Skullcrusher" {speed, Str+7}
  9324 | D:9      | Noticed a two-headed ogre
  9335 | D:9      | Killed a two-headed ogre
  9348 | D:9      | Found a transporter.
  9438 | D:9      | Killed a spectral centaur warrior
  9439 | D:9      | Reached XP level 11. HP: 69/69 MP: 11/11
  9459 | D:9      | Killed FritzCouch's ghost
  9646 | D:9      | Identified the +7 quarterstaff of Destiny {elec, *Noise
                  | +Rage Str+3 Int+4}
  9691 | D:9      | Reached skill level 9 in Fighting
  9850 | D:9      | Found Hashauq's Distillery.
 10058 | D:10     | Entered Level 10 of the Dungeon
 10206 | D:10     | You fall into a shaft and drop 3 floors!
 10249 | D:13     | Found a gate to the Vaults.
 10249 | D:13     | Noticed a centaur warrior
 10251 | D:13     | Noticed a two-headed ogre
 10252 | D:13     | Noticed a cyclops
 10261 | D:13     | Noticed Urug
 10283 | D:13     | Killed a two-headed ogre
 10290 | D:13     | Noticed a centaur warrior
 10292 | D:13     | Killed a centaur warrior
 10301 | D:13     | Reached skill level 10 in Armour
 10325 | D:13     | Noticed a cyclops
 10344 | D:13     | Killed Urug
 10345 | D:13     | Killed a cyclops
 10348 | D:13     | Killed a centaur warrior
 10361 | D:13     | Received a gift from Trog
 10370 | D:13     | Killed a cyclops
 10371 | D:13     | Reached skill level 10 in Fighting
 10371 | D:13     | Reached XP level 12. HP: 71/77 MP: 12/12
 10830 | D:12     | Found a gate leading to a gauntlet.
 10839 | Gauntlet | Entered a Gauntlet
 10839 | Gauntlet | Found a transporter.
 10848 | Gauntlet | Found a transporter.
 10851 | Gauntlet | Found a transporter.
 10852 | Gauntlet | Found a transporter.
 10863 | Gauntlet | Found a transporter.
 10864 | Gauntlet | Found a transporter.
 10864 | Gauntlet | Found a transporter.
 10872 | Gauntlet | Found a transporter.
 10875 | Gauntlet | Found a transporter.
 10876 | Gauntlet | Found a transporter.
 10887 | Gauntlet | Found a transporter.
 10887 | Gauntlet | Found a transporter.
 10888 | Gauntlet | Found a transporter.
 10890 | Gauntlet | Noticed a hell beast
 10896 | Gauntlet | Found a transporter.
 11112 | Gauntlet | Noticed a minotaur
 11123 | Gauntlet | Killed a minotaur
 11455 | D:12     | Found a staircase to the Orcish Mines.
 11588 | D:11     | Noticed a two-headed ogre
 11625 | D:11     | Killed a two-headed ogre
 11626 | D:11     | Reached skill level 11 in Fighting
 11714 | D:11     | Noticed a two-headed ogre
 11720 | D:11     | Killed a two-headed ogre
 11831 | D:11     | Reached skill level 5 in Dodging
 11848 | D:11     | Noticed a five-headed hydra
 11881 | D:11     | Killed a five-headed hydra
 11882 | D:11     | Reached XP level 13. HP: 85/85 MP: 9/13
 12009 | D:11     | Noticed a fire dragon
 12029 | D:11     | Killed a fire dragon
 12030 | D:11     | Reached skill level 12 in Fighting
 12154 | D:11     | Noticed Harold
 12166 | D:11     | Killed Harold
 12306 | D:11     | Noticed a fire dragon
 12322 | D:11     | Killed a fire dragon
 12355 | D:11     | Noticed a fire dragon
 12374 | D:11     | Killed a fire dragon
 12733 | D:11     | Noticed a storm dragon
 12761 | D:11     | Killed a storm dragon
 13157 | D:11     | Identified a scroll of acquirement
 13159 | D:11     | Acquired the +0 hat "Ela Dob" {+Blink rN++ Regen+ Str+2}
 13497 | D:10     | Found a staircase to the Lair.
 14106 | Lair:1   | Entered Level 1 of the Lair of Beasts
 14213 | Lair:1   | Received a gift from Trog
 14395 | Lair:1   | Reached skill level 13 in Fighting
 15034 | Lair:2   | Gained mutation: Your large and strong wings let you fly.
                  | [Gargoyle growth]
 15034 | Lair:2   | Reached XP level 14. HP: 94/94 MP: 14/14
 15795 | Lair:2   | Acquired a +6 demon whip of electrocution
 16818 | Lair:4   | Reached skill level 14 in Fighting
 16872 | Lair:4   | Found a staircase to the Shoals.
 16882 | Lair:4   | Received a gift from Trog
 17024 | Lair:4   | Found a staircase to the Snake Pit.
 17041 | Lair:4   | Reached skill level 15 in Maces & Flails
 18431 | Lair:6   | Entered Level 6 of the Lair of Beasts
 18437 | Lair:6   | Reached XP level 15. HP: 96/101 MP: 13/15
 18474 | Lair:6   | Received a gift from Trog
 18527 | Lair:6   | Reached skill level 15 in Fighting
 18633 | Lair:6   | Found a runed translucent door.
 18633 | Lair:6   | Found a viscous altar of Jiyva.
 18634 | Lair:6   | Noticed an acid blob
 18638 | Lair:6   | Found a staircase to the Slime Pits.
 18638 | Lair:6   | Noticed an acid blob
 18647 | Lair:6   | Killed an acid blob
 18658 | Lair:6   | Killed an acid blob
 19530 | Lair:6   | Identified the +0 plate armour of Nenke {+Blink rC+ Str-4
                  | Dex+6}
 19947 | Lair:5   | Identified the +11 shortbow of Dullness {freeze, Fly MP+9
                  | Stlth+}
 19982 | Snake:1  | Entered Level 1 of the Snake Pit
 20228 | Snake:1  | You are sucked into a shaft and drop 1 floor!
 20228 | Snake:2  | Noticed Saint Roka
 20229 | Snake:2  | Noticed a nagaraja
 20235 | Snake:2  | You are sucked into a shaft and drop 1 floor!
 20237 | Snake:3  | Noticed Agnes
 20261 | Snake:3  | Killed Agnes
 20497 | Snake:3  | Noticed Vashnia
 20538 | Snake:3  | Killed Vashnia
 20539 | Snake:3  | Reached skill level 16 in Fighting
 20762 | Snake:3  | Reached XP level 16. HP: 91/110 MP: 16/16
 20799 | Snake:3  | Received a gift from Trog
 21275 | Snake:2  | Noticed a nagaraja
 21292 | Snake:2  | Killed a nagaraja
 21309 | Snake:2  | Noticed Roxanne
 21329 | Snake:2  | Killed Roxanne
 21386 | Snake:2  | Noticed Kirke
 21401 | Snake:2  | Killed Kirke
 21416 | Snake:2  | HP: 4/111 [Saint Roka/divine providence (8)]
 21440 | Snake:2  | Killed Saint Roka
 21441 | Snake:2  | Reached skill level 1 in Evocations
 21445 | Snake:2  | Killed a nagaraja
 21802 | Snake:2  | Noticed Donald
 21830 | Snake:2  | Killed Donald
 22293 | Snake:4  | Entered Level 4 of the Snake Pit
 22404 | Snake:4  | Reached skill level 17 in Fighting
 22553 | Snake:4  | Reached skill level 1 in Shields
 22631 | Snake:4  | Found Pulohuoz's Magic Scroll Shop.
 22639 | Snake:4  | Bought a scroll of acquirement for 624 gold pieces
 22639 | Snake:4  | Bought a scroll of identify for 24 gold pieces
 22639 | Snake:4  | Bought a scroll of identify for 24 gold pieces
 22639 | Snake:4  | Bought a scroll of identify for 24 gold pieces
 22645 | Snake:4  | Acquired 797 gold pieces
 22668 | Snake:4  | Bought a scroll of fog for 24 gold pieces
 22668 | Snake:4  | Bought a scroll of fog for 24 gold pieces
 22668 | Snake:4  | Bought a scroll of magic mapping for 42 gold pieces
 22668 | Snake:4  | Bought a scroll of magic mapping for 42 gold pieces
 22668 | Snake:4  | Bought a scroll of magic mapping for 42 gold pieces
 22710 | Snake:4  | Noticed a nagaraja
 22718 | Snake:4  | Killed a nagaraja
 22800 | Snake:4  | Reached skill level 15 in Armour
 22811 | Snake:4  | Received a gift from Trog
 22866 | Snake:4  | Noticed a nagaraja
 22876 | Snake:4  | Killed a nagaraja
 22908 | Snake:4  | Reached XP level 17. HP: 78/118 MP: 17/17
 23657 | Snake:4  | Reached skill level 5 in Shields
 24048 | Snake:4  | Received a gift from Trog
 24197 | Snake:4  | Got a serpentine rune of Zot
 24596 | Snake:1  | Noticed Aizul
 24612 | Snake:1  | Killed Aizul
 24766 | Snake:1  | Reached skill level 18 in Fighting
 24979 | Snake:1  | Found Varod's Book Shop.
 24979 | Snake:1  | Found Cabuorax's Armour Boutique.
 25085 | Snake:1  | Found Womaqek's Jewellery Shop.
 25384 | Lair:5   | Identified the +1 robe of Onomutos {Str+2}
 26026 | Orc:1    | Entered Level 1 of the Orcish Mines
 26147 | Orc:2    | Entered Level 2 of the Orcish Mines
 26154 | Orc:2    | Found a staircase to the Elven Halls.
 26171 | Orc:2    | Noticed Maurice
 26191 | Orc:2    | Killed Maurice
 26252 | Orc:2    | Found Zitri's Antique Weapon Shoppe.
 26300 | Orc:2    | Found a dark tunnel.
 26309 | Volcano  | Entered a volcano
 26686 | Orc:2    | Reached ****** piety under Trog
 26689 | Orc:2    | Received a gift from Trog
 26945 | Orc:2    | Reached skill level 10 in Dodging
 26945 | Orc:2    | Reached XP level 18. HP: 125/125 MP: 18/18
 27028 | Orc:2    | Found Immoo's Armour Emporium.
 27028 | Orc:2    | Found Igeigia's Assorted Antiques.
 27107 | Orc:2    | Found Kodghytot's Antique Armour Emporium.
 27107 | Orc:2    | Found Comimure's General Store.
 27132 | Orc:2    | Bought an ichor-stained buckler for 313 gold pieces
 27132 | Orc:2    | Identified the +0 buckler of Kudwaw {rElec rN+} (You bought
                  | it in a shop on level 2 of the Orcish Mines)
 27146 | Orc:2    | Bought 2 scrolls of teleportation for 84 gold pieces
 27146 | Orc:2    | Bought a scroll of blinking for 105 gold pieces
 27146 | Orc:2    | Bought a scroll of blinking for 105 gold pieces
 27601 | Orc:1    | Noticed Jorgrun
 27611 | Orc:1    | Killed Jorgrun
 27802 | Orc:1    | Found Daresh's Distillery.
 28269 | D:12     | Received a gift from Trog
 29056 | D:13     | Found a bloodstained altar of Trog.
 29243 | Vaults:1 | Entered Level 1 of the Vaults
 29528 | Vaults:1 | Reached skill level 10 in Shields
 29569 | Vaults:1 | Received a gift from Trog
 29623 | Vaults:1 | Reached skill level 19 in Fighting
 29706 | Vaults:1 | Reached XP level 19. HP: 114/132 MP: 19/19
 29782 | Vaults:1 | Found a portal to a secret trove of treasure.
 29786 | Vaults:1 | You paid a toll of 3 potions of resistance to enter a
                  | treasure trove
 29787 | Trove    | Entered a treasure trove
 29797 | Trove    | Identified the ring of Oraobud {Fly Will- Int+6 Dex+3
                  | Slay+5}
 29801 | Trove    | Identified the ring "Laidghyul" {rPois rC++ Str+6 Int-4
                  | SInv}
 29805 | Trove    | Identified the ring of the Past {rElec rN++ Str+3 Int-5
                  | Dex+6}
 29806 | Trove    | Identified the amulet "Ezoen Quune" {RegenMP Str+2 SInv}
 29807 | Trove    | Identified the amulet of Plog {Faith Drain rPois rN+ SInv}
 29808 | Trove    | Identified the ring of Keuh Lesh {rElec rN++ EV+4 SInv}
 29831 | Trove    | Identified the ring of the Leaping Prophets {rF- rC+ Will+
                  | MP+9 Int+4}
 30229 | Vaults:1 | Found Isoneuso's General Store.
 30229 | Vaults:1 | Found Suogruuzxu's General Store.
 30315 | Vaults:1 | Bought a scroll of enchant armour for 150 gold pieces
 30333 | Vaults:1 | Found Bomi's Book Shop.
 30400 | Vaults:1 | Identified the +2 triple sword of Ravage {vorpal, +Inv
                  | Str-5 Dex+2 SInv} (Trog gifted it to you on level 1 of the
                  | Vaults)
 30400 | Vaults:1 | Received a gift from Trog
 31419 | Vaults:1 | Noticed a shard shrike
 31419 | Vaults:1 | a shard shrike changed into a rockslime
 31420 | Vaults:1 | Noticed a shard shrike
 31420 | Vaults:1 | a rockslime changed into a shard shrike
 31421 | Vaults:1 | Noticed a juggernaut
 31421 | Vaults:1 | a shard shrike changed into a juggernaut
 31422 | Vaults:1 | a juggernaut changed into a rockslime
 31436 | Vaults:1 | Noticed a shard shrike
 31436 | Vaults:1 | a rockslime changed into a shard shrike
 31493 | Vaults:2 | Found Kiseuthe's Weapon Shoppe.
 31806 | Vaults:2 | Received a gift from Trog
 31910 | Vaults:2 | Noticed an Ice Fiend
 31920 | Vaults:2 | Killed an Ice Fiend
 32013 | Vaults:2 | Paralysed by a Zot trap for 5 turns
 32029 | Vaults:2 | Found a transporter.
 32071 | Vaults:2 | Found a transporter.
 32126 | Vaults:2 | Cast into level 3 of the Abyss (a wizard)
 32133 | Abyss:4  | Found a corrupted altar of Lugonu.
 32208 | Abyss:4  | Found a corrupted altar of Lugonu.
 32217 | Vaults:2 | Escaped the Abyss
 32409 | Vaults:2 | Identified the +4 chain mail "Tiobuura" {Dex+5}
 32452 | Vaults:2 | Reached XP level 20. HP: 140/140 MP: 20/20
 32472 | Vaults:2 | Reached skill level 20 in Fighting
 32968 | Vaults:2 | Identified the ring of the Thistle {rC+ rN+ Will+ Int-2}
 32981 | Vaults:2 | Identified the +8 spear of Johenom {venom, +Inv rF+ rN+
                  | Int-5}
 33168 | Vaults:3 | Identified the +4 scale mail "Wuczuhum" {rElec Slay+3}
 33228 | Vaults:3 | Identified the +2 robe of Cynicism {rCorr Dex+6}
 33236 | Vaults:3 | Found a radiant altar of Vehumet.
 33265 | Vaults:3 | Identified the -5 hat "Ychusydu" {rC+}
 33728 | Vaults:3 | Found a staircase to the Crypt.
 33751 | Vaults:3 | Received a gift from Trog
 33763 | Crypt:1  | Entered Level 1 of the Crypt
 33792 | Crypt:1  | Reached skill level 5 in Stealth
 34338 | Crypt:2  | Reached XP level 21. HP: 147/147 MP: 21/21
 34401 | Crypt:2  | Noticed Khufu
 34402 | Crypt:2  | Noticed a royal mummy
 34423 | Crypt:2  | Killed Khufu
 34431 | Crypt:2  | Killed a royal mummy
 34586 | Crypt:2  | Received a gift from Trog
 34587 | Crypt:2  | Paralysed by a vampire knight for 5 turns
 34677 | Crypt:2  | Found a basalt altar of Yredelemnul.
 34677 | Crypt:2  | Noticed a profane servitor
 34694 | Crypt:2  | Killed a profane servitor
 34862 | Crypt:2  | Paralysed by a vampire knight for 2 turns
 34909 | Crypt:2  | Noticed Jory
 34927 | Crypt:2  | Killed Jory
 34928 | Crypt:2  | Reached skill level 21 in Fighting
 35073 | Crypt:2  | Noticed Sojobo
 35098 | Crypt:2  | Killed Sojobo
 35099 | Crypt:2  | Reached skill level 15 in Shields
 35261 | Crypt:2  | Noticed Boris
 35279 | Crypt:2  | Killed Boris
 35522 | Crypt:3  | Entered Level 3 of the Crypt
 35535 | Crypt:3  | Received a gift from Trog
 35766 | Crypt:3  | Found an ancient bone altar of Kikubaaqudgha.
 35834 | Crypt:3  | Received a gift from Trog
 36101 | Crypt:3  | Reached XP level 22. HP: 155/155 MP: 22/22
 36232 | Crypt:3  | Identified the amulet "Girikhurch" {rPois Regen+}
 36232 | Crypt:3  | Identified the ring of Elutoekitt {rN+ Will+}
 36232 | Crypt:3  | Identified the ring "Rosm" {rN+ Str+6 Stlth+}
 36330 | Crypt:3  | Found the +5 scythe "Finisher" {speed, eviscerate}
 36442 | Crypt:3  | Found a staircase to the Tomb.
 36442 | Crypt:3  | Noticed an ancient lich
 36456 | Crypt:3  | Killed an ancient lich
 36632 | Crypt:3  | Noticed a profane servitor
 36655 | Crypt:3  | Killed a profane servitor
 36759 | Crypt:3  | Received a gift from Trog
 37473 | Vaults:3 | Received a gift from Trog
 38003 | Vaults:4 | Noticed Boris
 38019 | Vaults:4 | Killed Boris
 38020 | Vaults:4 | Reached skill level 22 in Fighting
 38688 | Vaults:4 | Reached XP level 23. HP: 162/162 MP: 23/23
 38763 | Vaults:4 | Received a gift from Trog
 38764 | Vaults:4 | Noticed Margery
 38802 | Vaults:4 | Killed Margery
 38887 | Vaults:4 | Identified the ring of Nuerr {Int+3 SInv}
 39174 | Vaults:4 | Found Lugeimni's Book Shop.
 39642 | Vaults:5 | Entered Level 5 of the Vaults
 39847 | Vaults:5 | Identified the +6 dire flail "Rupann" {vorpal, +Inv rN+
                  | Int-2 Stlth+} (Trog gifted it to you on level 5 of the
                  | Vaults)
 39847 | Vaults:5 | Received a gift from Trog
 39857 | Vaults:5 | Noticed a dread lich
 39879 | Vaults:5 | Killed a dread lich
 40137 | Vaults:5 | Got a silver rune of Zot
 40151 | Vaults:5 | Identified the Handbook of the Enthralling Frostbite
 40175 | Vaults:5 | Identified the +6 chain mail "Sefuefucw" {rF+ rN+ Slay+2}
 40244 | Vaults:5 | Identified the +1 robe of Soft Salvation {rElec rF+}
 40403 | Vaults:5 | Noticed a dread lich
 40405 | Vaults:5 | Received a gift from Trog
 40409 | Vaults:5 | Reached XP level 24. HP: 170/170 MP: 23/23
 40428 | Vaults:5 | Killed a dread lich
 40784 | Vaults:5 | Noticed a dread lich
 40794 | Vaults:5 | Reached skill level 23 in Fighting
 40807 | Vaults:5 | Killed a dread lich
 41165 | Vaults:5 | Noticed Xtahua
 41178 | Vaults:5 | Paralysed by Xtahua for 3 turns
 41191 | Vaults:5 | Killed Xtahua
 41338 | Vaults:5 | Received a gift from Trog
 41977 | Vaults:5 | Identified the +4 lajatang of Fate {flame, Str+4}
 41999 | Vaults:5 | Found the +3 sling "Punk" {acid, rCorr}
 41999 | Vaults:5 | Identified the +11 halberd of Diet Blood {pain, *Slow MP+9
                  | Str+8}
 42017 | Vaults:5 | Identified the -3 cloak of Lifelessness {-Tele rN+ Will+
                  | Int+9}
 42057 | Vaults:5 | Identified the +2 chain mail "Duquunitt" {rF+ Will+ Int+2}
 42083 | Vaults:5 | Identified the +9 war axe "X" {drain, rC+ Str+5}
 42810 | D:14     | Identified the +0 ring mail "Dubluex" {-Tele rPois rC+++}
 43195 | D:15     | Entered Level 15 of the Dungeon
 43255 | D:15     | Found a glowing golden altar of the Shining One.
 43270 | D:15     | Found a staircase to the Depths.
 43387 | D:15     | Noticed Azrael
 43400 | D:15     | Killed Azrael
 43402 | D:15     | Received a gift from Trog
 43694 | D:15     | Noticed Nessos
 43708 | D:15     | Killed Nessos
 43742 | D:15     | Found Xyry Bap's Antique Weapon Emporium.
 43755 | D:15     | Bought a crude morningstar for 243 gold pieces
 43755 | D:15     | Identified the +9 morningstar of Foul Odors {elec, Str+8}
                  | (You bought it in a shop on level 15 of the Dungeon)
 43822 | Depths:1 | Entered Level 1 of the Depths
 43923 | Depths:1 | Reached XP level 25. HP: 176/176 MP: 23/23
 44011 | Depths:1 | Identified the +7 rapier of Cowardice {freeze, MP-9 Str+2
                  | Dex+2}
 44111 | Depths:1 | Found a gateway to Hell.
 44160 | Depths:1 | Paralysed by a great orb of eyes for 7 turns
 44171 | Depths:1 | Found Agusar's Blood Bar.
 44556 | Hell     | Entered the Vestibule of Hell
 44556 | Hell     | Noticed Geryon
 44573 | Hell     | Gained mutation: You sometimes lose the ability to read
                  | scrolls when taking damage. [mutagenic glow]
 44585 | Hell     | Slain by a reaper

Illustrated notes

Levels and vault maps discovered:
D:1:      nagdon_arrival_double_spiral, layout_loops_ring,
          basic_ecumenical_altar, serial_shops,
          nicolae_shop_competitors_out_of_business, serial_bayou_pond_d,
          nrook_mini_vaults
D:2:      layout_basic, interstate_on_off, wander_ebering_terrifying_dragon_lair
D:3:      layout_loops_ring
D:4:      layout_basic
D:5:      layout_loops_ring, kennysheep_generic_room_13, uniq_grinder
D:6:      wander_guarded_unrand_ratskin, layout_basic,
          minmay_temple_entry_stoned_glass
D:7:      layout_cave_pools
D:8:      layout_basic, lemuel_doored_altar, serial_shops, nicolae_shop_trees,
          kennysheep_mini, minmay_starry_boxes, uniq_psyche, uniq_erica
D:9:      layout_gridville, serial_shops, shop_statue,
          gammafunk_ghost_mausoleum, item_on_display_a
D:10:     layout_roguey, david_lair_generic
D:11:     minmay_the_grid_3x2 [minmay_the_grid_dragon_a,
          minmay_the_grid_outer_diamond, minmay_the_grid_tri_star,
          minmay_the_grid_dragon_b, minmay_the_grid_minigrid_small,
          minmay_the_grid_prize_diamond_cup], layout_loops_ring,
          grunt_ministairs_3, uniq_harold
D:12:     minmay_recursive_quarters, layout_long_grid, david_orc_1_choice,
          gauntlet_entry_generic
D:13:     layout_basic, david_vaults_3, trog_ov_bears_minmay
D:14:     layout_gridville, kennysheep_generic_room_15
D:15:     grunt_enter_depths_giant_problem, layout_rooms, tso_metal_star,
          serial_shops, shop, uniq_azrael, uniq_nessos
Lair:1:   layout_chaotic_city, infiniplex_staircase_pool_2, grunt_megastairs_4
Lair:2:   layout_loops_ring
Lair:3:   layout_hall_layers, st_stairs_8
Lair:4:   layout_roguey, elwin_shoals_entry_stream,
          minmay_snake_entry_guardpost_small
Lair:5:   layout_loops_ring
Lair:6:   grunt_lair_end_beastmaster, layout_cave_pods, slime_altar_2,
          grunt_megastairs_2, infiniplex_staircase_pool
Snake:1:  layout_gridlike, special_room, serial_shops, shop,
          serial_bayou_pond_e, grunt_ministairs_9, nicolae_snake_shapes,
          minmay_shoptagon, uniq_aizul
Snake:2:  layout_onion, statue_in_the_mist_lemuel, drop_trap, lemuel_fruit_tree,
          uniq_roxanne, uniq_donald, uniq_saint_roka, uniq_kirke
Snake:3:  layout_cave_town, grunt_megastairs_1, uniq_vashnia, uniq_agnes
Snake:4:  grunt_snake_rune_serpentine_throne, layout_cave_town, serial_shops,
          shop_fountains, serial_bayou_lake_a
Orc:1:    layout_diamond_mine, serial_shops, nicolae_shop_statue_plus,
          uniq_jorgrun
Orc:2:    st_orc_town, layout_diamond_mine, nicolae_volcano_entry_batcave,
          serial_shops, shop, mines5_lemuel, uniq_maurice
Vaults:1: hangedman_vaults_hard_town_square, v_misc_25,
          nicolae_vaults_network_square, hangedman_vaults_stitches,
          ontoclasm_vaults_eye, vaults_mumra_hex, nicolae_vaults_specimen_jars,
          ontoclasm_vaults_shuriken, vaults_room_grunt_arrival_ludios,
          vaults_room_door_ring, vaults_standard_mumra_x,
          layout_vaults_chaotic_city, enter_trove_3
Vaults:2: nicolae_vaults_little_squares_3, vaults_room_pool,
          nicolae_vaults_ninety_degrees, v_misc_15, ontoclasm_vaults_misaligned,
          v_misc_17, v_alt_pattern_4, v_rooms_3, nicolae_vaults_angled_halls,
          gammafunk_sealed_arena, vaults_mumra_minichess_inversion,
          ontoclasm_vaults_gateway, ontoclasm_vaults_loading_screen,
          vaults_room_door_ring, layout_vaults_omnibox, serial_shops,
          nicolae_shop_stone
Vaults:3: nicolae_vaults_network_s, nicolae_vaults_big_ls,
          minmay_crypt_entry_simple_corners, nicolae_vaults_three_branches,
          nicolae_vaults_network_star, grunt_tower_of_power, v_misc_15,
          ontoclasm_vaults_tryst, vaults_mumra_chevron,
          ontoclasm_vaults_decontamination, nicolae_vaults_theta,
          vaults_room_grunt_arrival_checkpoint, grunt_vaults_hallway_long,
          ontoclasm_vaults_chip, layout_vaults_maze_bifur
Vaults:4: nicolae_vaults_inception_statues, hangedman_vaults_maws, v_pattern_3,
          vaults_room_boxed, v_alt_pattern_6, st_quartered_hall, v_misc_4,
          nicolae_vaults_gold_heap, vaults_room_corners, vaults_room_hallway,
          layout_vaults_quadrants, serial_shops, shop, uniq_margery
Vaults:5: uniq_xtahua
Crypt:1:  layout_rooms, minivault_23
Crypt:2:  gammafunk_crypt_yreds_forest, layout_regular_city,
          corexii_hall_statues_deadend, uniq_boris, uniq_jory, uniq_sojobo,
          uniq_khufu
Crypt:3:  grunt_crypt_end_deaths_head
Depths:1: layout_basic, pf_vacation_house_of_asmodeus, grunt_decor_mini_mirrors,
          minmay_crystal_room, guppyfry_shop_blood
Hell

Skill      XL: |  1  2  3  4  5  6  7  8  9 10 11 12 13 14 15 16 17 18 19 20 21 22 23 24 25 |
---------------+----------------------------------------------------------------------------+-----
Fighting       | 4 5 6 7 8 10 11 13 14 16 17 18 19 20 21 22 23 | 23.6
Maces & Flails | 4 5 6 7 9 11 12 13 14 15 16 17 18 19 20 21 | 21.6
Dodging        | 2 3 4 5 7 8 9 10 11 12 13 | 13.0
Stealth        | 1 2 3 4 5 7 |  7.2
Armour         | 3 4 5 7 8 10 11 13 14 15 16 17 | 17.5
Evocations     | 1 2 |  2.7
Shields        | 3 7 10 12 14 15 17 18 19 20 | 20.0
Unarmed Combat | |  0.8

Action                   |  1- 3 |  4- 6 |  7- 9 | 10-12 | 13-15 | 16-18 | 19-21 | 22-24 | 25-27 || total
-------------------------+-------+-------+-------+-------+-------+-------+-------+-------+-------++-------
Melee: Mace              |    62 |   192 |    40 |       |       |       |       |       |       ||   294
       Whip              |       |       |   285 |   473 |   551 |       |       |       |       ||  1309
       Demon whip        |       |       |       |       |   650 |  1486 |   900 |  1212 |       ||  4248
       Unarmed           |       |       |       |       |       |     6 |       |       |       ||     6
       Morningstar       |       |       |       |       |       |       |   609 |   265 |   127 ||  1001
Invok: Berserk           |     1 |     2 |     5 |    12 |    14 |    18 |    18 |    17 |     2 ||    89
       Brothers in Arms  |       |       |       |     1 |     1 |     5 |     2 |     1 |       ||    10
       Trog's Hand       |       |       |       |       |       |     1 |       |       |       ||     1
 Abil: Evoke Blink       |       |       |       |       |       |       |     1 |       |       ||     1
Evoke: Tin of tremorston |       |       |       |     2 |       |     2 |     2 |     2 |       ||     8
       Wand              |       |       |       |       |       |    11 |     2 |       |       ||    13
       Box of beasts     |       |       |       |       |       |     1 |       |       |       ||     1
       Condenser vane    |       |       |       |       |       |       |       |     3 |       ||     3
  Use: Scroll            |       |     4 |     5 |     4 |    14 |    15 |     4 |     1 |       ||    47
       Potion            |       |     3 |       |     1 |       |     8 |     1 |     3 |     3 ||    19
 Stab: Sleeping          |       |     2 |       |       |       |       |       |     2 |       ||     4
       Distracted        |       |       |       |     1 |       |     2 |       |     4 |       ||     7
       Invisible         |       |       |       |     1 |       |       |       |       |       ||     1
       Confused          |       |       |       |       |       |       |       |    10 |       ||    10
Armor: Animal skin       |    30 |    39 |       |       |       |       |       |       |       ||    69
       Ring mail         |       |    87 |    37 |       |       |       |       |       |       ||   124
       Chain mail        |       |       |   110 |   165 |       |       |       |   213 |   113 ||   601
       Plate armour      |       |       |       |   105 |    29 |       |       |       |       ||   134
       Fire dragon scale |       |       |       |       |   469 |   673 |   687 |   329 |       ||  2158
Dodge: Dodged            |    51 |   155 |   140 |   140 |   610 |   733 |   675 |   427 |    75 ||  3006
Block: Kite shield       |       |       |       |       |       |   677 |   956 |   708 |       ||  2341
       Tower shield      |       |       |       |       |       |       |       |   281 |   199 ||   480

Table legend: (Time is in decaauts)
 A = Elapsed time spent in this place.
 B = Non-inter-level travel time spent in this place.
 C = Inter-level travel time spent in this place.
 D = Time resting spent in this place.
 E = Time spent auto-exploring this place.
 F = Levels seen in this place.
 G = Mean time per level.
                   A        B        C        D        E       F      G
               +--------+--------+--------+--------+--------+-----+--------+
         Total |  42728 |  42009 |    719 |   5701 |  23958 |  42 | 1017.3 |
       Dungeon |  16254 |  15778 |    476 |   1960 |  10342 |  15 | 1083.6 |
          Lair |   5876 |   5856 |     20 |    373 |   4005 |   6 |  979.3 |
     Snake Pit |   5250 |   5250 |      0 |   1632 |   2169 |   4 | 1312.5 |
  Orcish Mines |   1694 |   1694 |      0 |    148 |    737 |   2 |  847.0 |
        Vaults |   9240 |   9017 |    223 |   1068 |   4643 |   5 | 1848.0 |
         Crypt |   3023 |   3023 |      0 |    421 |   1467 |   3 | 1007.7 |
        Depths |    707 |    707 |      0 |     46 |    417 |   1 |  707.0 |
          Hell |     20 |     20 |      0 |      0 |      0 |   1 |   20.0 |
         Abyss |     80 |     80 |      0 |      0 |     40 |   2 |   40.0 |
         Trove |     73 |     73 |      0 |      0 |      0 |   1 |   73.0 |
       Volcano |    189 |    189 |      0 |      0 |    112 |   1 |  189.0 |
      Gauntlet |    317 |    317 |      0 |     49 |     25 |   1 |  317.0 |
               +--------+--------+--------+--------+--------+-----+--------+

Top non-repeatable levels by time:
Vaults:5: 2291 daAuts
 Snake:4: 2174 daAuts
Vaults:1: 2101 daAuts
Vaults:4: 1829 daAuts
     D:5: 1794 daAuts
    D:11: 1787 daAuts
Vaults:3: 1564 daAuts
     D:2: 1549 daAuts
Vaults:2: 1453 daAuts
    D:12: 1414 daAuts
  Lair:6: 1382 daAuts
 Crypt:3: 1280 daAuts
     D:8: 1210 daAuts
 Crypt:2: 1182 daAuts
   Orc:2: 1158 daAuts
